 Dungeon Crawl Stone Soup version 0.25.0-9-g26727b657a (webtiles) character file.

Game seed: 14113887917117140653

11200 mopl the Destroyer (level 11, -2/77 HPs)
             Began as a Black Draconian Conjurer on June 18, 2020.
             Was a Priest of Vehumet.
             Slain by a five-headed hydra (5 damage)
             ... on level 11 of the Dungeon.
             The game lasted 00:25:30 (11864 turns).

mopl the Destroyer (Black Draconian Conjurer)      Turns: 11864, Time: 00:25:32

Health: -2/77      AC:  9    Str: 11    XL:     11   Next: 46%
Magic:  25/25      EV: 27    Int: 18    God:    Vehumet [***...]
Gold:   819        SH:  0    Dex: 12    Spells: 10/31 levels left

rFire    . . .     SeeInvis .   F - +4 trident
rCold    . . .     Gourm    .   (no shield)
rNeg     . . .     Faith    .   (armour unavailable)
rPois    +         Spirit   .   (helmet restricted)
rElec    +         Reflect  .   r - +0 cloak (curse)
rCorr    .         Harm     .   p - +0 pair of gloves
MR       .....                  (no boots)
Stlth    ++........             Q - amulet of the acrobat
HPRegen  0.22/turn              t - ring of poison resistance
MPRegen  0.19/turn              m - ring of wizardry

@: acrobat
A: breathe lightning, unfitting armour, electricity resistance, cold-blooded, AC
+7
a: Breathe Lightning, Renounce Religion


You were on level 11 of the Dungeon.
You worshipped Vehumet.
Vehumet was most pleased with you.
You were very hungry.

You visited 1 branch of the dungeon, and saw 11 of its levels.
You also visited: Bailey.

You collected 819 gold pieces.

Inventory:

Hand Weapons
 F - a +4 trident (weapon)
Missiles
 h - 3 datura-tipped darts
 o - 11 boomerangs
 u - 19 poisoned darts (quivered)
 w - 11 javelins
 G - 7 silver javelins
 L - 6 silver boomerangs
 N - a throwing net
Armour
 p - a +0 pair of gloves (worn)
 r - a cursed +0 cloak (worn)
 K - a +0 tower shield
Jewellery
 m - a ring of wizardry (right hand)
 t - a ring of poison resistance (left hand)
 I - an uncursed ring of fire
 Q - an amulet of the acrobat (around neck)
Wands
 n - a wand of acid (22)
 v - a wand of disintegration (12)
 C - a wand of enslavement (6)
 D - a wand of flame (32)
 J - a wand of clouds (9)
 P - a wand of paralysis (16)
 R - a wand of polymorph (15)
 U - a wand of iceblast (10)
Scrolls
 b - 2 scrolls of amnesia {unknown}
 d - 2 scrolls of blinking {unknown}
 e - 5 scrolls of enchant armour {unknown}
 f - 12 scrolls of remove curse {unknown}
 l - 4 scrolls of fog {unknown}
 q - 2 scrolls of fear {unknown}
 x - 2 scrolls of noise {unknown}
 y - 3 scrolls of enchant weapon {unknown}
 z - 4 scrolls of teleportation {unknown}
 A - 9 scrolls of identify
 B - 3 scrolls of immolation {unknown}
 H - a scroll of magic mapping {unknown}
Potions
 a - a potion of ambrosia
 g - 2 potions of resistance
 i - 5 potions of curing
 j - 2 potions of haste
 k - 3 potions of stabbing
 s - 3 potions of mutation
 E - a potion of lignification
 O - a potion of brilliance
 S - a potion of magic
 T - a potion of cancellation
Comestibles
 c - 23 rations


   Skills:
 + Level 1.0 Fighting
 + Level 2.0 Dodging
 - Level 1.7 Stealth
 + Level 5.2 Shields
 + Level 10.5 Spellcasting
 * Level 11.8 Conjurations
 - Level 3.0 Hexes
 + Level 3.4 Charms
 - Level 4.0 Translocations
 + Level 0.9 Transmutations


You had 10 spell levels left.
You knew the following spells:

 Your Spells              Type           Power        Failure   Level  Hunger
a - Magic Dart            Conj           ####         1%          1    None
b - Searing Ray           Conj           ######       1%          2    None
c - Fulminant Prism       Conj/Hex       #####.....   1%          4    ##.....
d - Iskenderun's Mystic   Conj/Tloc      #####...     1%          4    ##.....
f - Iskenderun's Battles  Conj/Chrm      #####...     1%          5    #####..
i - Irradiate             Conj/Tmut      ####......   1%          5    #####..

Your spell library contained the following spells:

 Spells                   Type           Power        Failure   Level  Hunger
 Dazzling Flash           Conj/Hex       #####.       1%          3    None


Dungeon Overview and Level Annotations

Branches:
Dungeon (11/15)            Temple (0/1) D:5            Lair (0/6) D:10
    Orc (0/2) D:10         Bailey (visited)

Altars:
Dithmenos
Fedhas
Gozag
Hepliaklqana
Ru
Uskayaw
Vehumet
Wu Jian

Shops:
D:4 %


Innate Abilities, Weirdness & Mutations

You can breathe wild blasts of lightning.
Your glossy black scales are hard. (AC +7)
You cannot fit into any form of body armour.
You are resistant to electric shocks. (rElec)
You are cold-blooded and may be slowed by cold attacks.


Message History

* * * LOW HITPOINT WARNING * * *
The five-headed hydra completely misses you.
The five-headed hydra closely misses you.
There is an open door, spattered with blood here.
You see here an uncursed amulet of faith.
There is an open door here.
There is an open door here.
There is an open door here.
There is an open door here.
There is an open door here.
There is an open door, spattered with blood here.
You see here an uncursed amulet of faith.
There is an open door here.
The five-headed hydra barely misses you.
The five-headed hydra bites you!
* * * LOW HITPOINT WARNING * * *
The five-headed hydra bites you!
* * * LOW HITPOINT WARNING * * *
The five-headed hydra bites you.
You die...

.........'.##.......######...# #
.........#.##.......[...##...# sR
.........#..........###......#Zs.
.....[...####.......# ####...#$.
######"### #.......# ###.### #.#
#####.### #.# #.# ##.# #.# #.#
#D.# #.### #.# #####@###### #...#
#.# #..........# ####'## #.#
#..........# #....รท. #.#
#..........#####...... #.#
#..........#...+.(.... ######.#
#..>.......#.###......
.......#####..........#.# #......
#####......+..........'.# #......
#.######..........### #......


You could see a five-headed hydra.

Vanquished Creatures
  An unseen horror (D:10)
  Pikel (D:8)
  An elephant (D:10)
  An ugly thing (D:11)
  4 centaur zombies
  A komodo dragon (D:11)
  4 trolls
  A hippogriff (D:10)
  A wraith (D:11)
  6 yaks (D:10)
  A wyvern (D:10)
  A hungry ghost (D:9)
  Edmund (D:4)
  A water moccasin (D:10)
  3 ice beasts
  3 sky beasts
  9 orc warriors
  3 phantoms
  A black bear (D:6)
  A necrophage (D:11)
  2 centaurs
  4 ogres
  5 crocodiles
  An eye of draining (D:11)
  A big kobold (D:8)
  3 bullfrogs
  5 scorpions
  9 wights (D:6)
  3 howler monkeys
  A bullfrog zombie (D:6)
  5 crimson imps
  3 centaur skeletons
  2 hounds
  4 jellies
  8 orc priests
  5 iguanas
  8 orc wizards
  10 worker ants
  A hound zombie (D:5)
  Robin (D:3)
  A worker ant zombie (D:6)
  6 gnolls
  12 adders
  A shadow imp (D:10)
  An ooze (D:2)
  An adder skeleton (D:4)
  6 worms
  3 dart slugs
  6 leopard geckos
  59 orcs
  A ball python (D:6)
  7 giant cockroaches
  27 goblins
  14 hobgoblins
  13 jackals
  6 quokkas
  10 bats
  5 frilled lizards
  21 kobolds
  A quokka skeleton (D:9)
  14 rats
341 creatures vanquished.

Vanquished Creatures (others)
  22 fulminant prisms
22 creatures vanquished.

Grand Total: 363 creatures vanquished

Notes
Turn   | Place    | Note
-------+----------+-------------------------------------------
     0 | D:1      | mopl the Draconian Conjurer began the quest for the Orb.
     0 | D:1      | Reached XP level 1. HP: 14/14 MP: 3/3
    90 | D:1      | Reached XP level 2. HP: 20/20 MP: 1/5
   102 | D:1      | Learned a level 2 spell: Searing Ray
   582 | D:1      | Reached XP level 3. HP: 26/26 MP: 5/7
  1230 | D:2      | Reached XP level 4. HP: 32/33 MP: 4/8
  1469 | D:2      | Reached skill level 5 in Conjurations
  1924 | D:3      | Found a radiant altar of Vehumet.
  1932 | D:3      | Became a worshipper of Vehumet
  2225 | D:3      | Noticed Robin
  2236 | D:3      | Reached XP level 5. HP: 33/38 MP: 6/10
  2466 | D:3      | Killed Robin
  2722 | D:3      | Learned a level 4 spell: Fulminant Prism
  2727 | D:3      | Learned a level 4 spell: Iskenderun's Mystic Blast
  3091 | D:4      | Reached * piety under Vehumet
  3091 | D:4      | Offered knowledge of Shock by Vehumet.
  3120 | D:4      | Reached XP level 6. HP: 26/45 MP: 0/12
  3326 | D:4      | Reached skill level 1 in Translocations
  3359 | D:4      | Reached skill level 1 in Hexes
  3359 | D:4      | Noticed Edmund
  3393 | D:4      | Killed Edmund
  3393 | D:4      | Reached skill level 6 in Conjurations
  3720 | D:4      | Found a blossoming altar of Fedhas.
  3793 | D:4      | Found Ceor Gudo's Food Shoppe.
  3823 | D:4      | Found an opulent altar of Gozag.
  3945 | D:4      | Your scales start taking on a glossy black colour.
  3945 | D:4      | Reached XP level 7. HP: 45/50 MP: 14/14
  3945 | D:4      | Gained mutation: You are resistant to electric shocks.
                  | (rElec) [Black Draconian growth]
  4203 | D:4      | Reached skill level 5 in Spellcasting
  4657 | D:5      | Entered Level 5 of the Dungeon
  4711 | D:5      | Found a hazy altar of Hepliaklqana.
  4999 | D:5      | Found a sacrificial altar of Ru.
  5039 | D:5      | Found a shadowy altar of Dithmenos.
  5114 | D:5      | Found a hide-covered altar of Uskayaw.
  5213 | D:5      | Found a staircase to the Ecumenical Temple.
  5537 | D:5      | Found an ornate altar of the Wu Jian Council.
  5576 | D:5      | Got an ichor-stained mace
  5577 | D:5      | Identified the +5 mace of Suxusa {speed, Fragile +Blink
                  | rN+} (You found it on level 5 of the Dungeon)
  5636 | D:6      | Reached skill level 7 in Conjurations
  5636 | D:6      | Reached XP level 8. HP: 54/57 MP: 8/16
  5695 | D:6      | Offered knowledge of Freeze by Vehumet.
  5700 | D:6      | Reached ** piety under Vehumet
  6029 | D:6      | Reached skill level 8 in Conjurations
  6357 | D:6      | Reached XP level 9. HP: 62/62 MP: 13/19
  7125 | D:7      | Offered knowledge of Frozen Ramparts by Vehumet.
  7220 | D:7      | Reached skill level 9 in Conjurations
  7985 | D:8      | Noticed Pikel
  8005 | D:8      | Killed Pikel
  8005 | D:8      | Reached skill level 1 in Shields
  8406 | D:9      | Noticed a troll
  8640 | D:9      | Reached *** piety under Vehumet
  8640 | D:9      | Reached skill level 10 in Conjurations
  8734 | D:9      | Reached XP level 10. HP: 57/69 MP: 9/22
  9135 | D:10     | Entered Level 10 of the Dungeon
  9199 | D:10     | Offered knowledge of Conjure Flame by Vehumet.
  9202 | D:10     | Found a staircase to the Orcish Mines.
  9262 | D:10     | Found a flagged portal.
  9332 | Bailey   | Entered a bailey
  9563 | Bailey   | Reached **** piety under Vehumet
  9696 | Bailey   | Offered knowledge of Iskenderun's Battlesphere by Vehumet.
  9706 | Bailey   | Learned a level 5 spell: Iskenderun's Battlesphere
  9847 | D:10     | Noticed an elephant
  9868 | D:10     | Killed an elephant
  9868 | D:10     | Reached skill level 1 in Charms
  9910 | D:10     | Found a staircase to the Lair.
  9989 | D:10     | Killed an unseen horror
  9989 | D:10     | Reached skill level 11 in Conjurations
 10219 | D:10     | Reached skill level 10 in Spellcasting
 10301 | D:10     | Reached XP level 11. HP: 60/74 MP: 20/25
 10706 | D:10     | Reached ***** piety under Vehumet
 10903 | D:10     | Offered knowledge of Irradiate by Vehumet.
 11077 | D:11     | Noticed a wolf spider
 11077 | D:11     | Noticed a rakshasa
 11110 | D:11     | Reached skill level 5 in Shields
 11180 | D:11     | Learned a level 5 spell: Irradiate
 11427 | D:11     | Noticed a purple ugly thing
 11439 | D:11     | Killed a purple ugly thing
 11754 | D:11     | Noticed a five-headed hydra
 11758 | D:11     | Reached skill level 1 in Fighting
 11864 | D:11     | HP: 3/77 [five-headed hydra (10)]
 11864 | D:11     | Slain by a five-headed hydra

Illustrated notes

Levels and vault maps discovered:
D:1:      lightli_arrival_statuegarden, layout_basic, minmay_pentomino_q2
D:2:      layout_loops_ring, nicolae_overflow_hidden_temple,
          minmay_misc_feat_columns
D:3:      layout_basic, vehumet_crystals, uniq_robin
D:4:      layout_cave_pods, fedhas_altar_3,
          nicolae_gozag_cash_rules_everything_around_me, first_ration,
          serial_shops, kennysheep_little_box, nrook_campfire, uniq_edmund
D:5:      layout_cave_pools, nicolae_overflow_crystal_walls,
          nicolae_ru_the_path_less_chosen, lemuel_crystal_altar,
          old_standard_altar, lemuel_round_altar, lemuel_temple_firewalk_a,
          grunt_decor_mini_mirrors
D:6:      layout_basic
D:7:      layout_loops_corners
D:8:      layout_loops_ring, uniq_pikel
D:9:      layout_big_octagon, grunt_ogre_cave
D:10:     kennysheep_ambush_hall, layout_long_grid, david_lair_generic,
          orc_0_dummy, special_room [special_room_orc], enter_bailey_6
D:11:     layout_roguey, lightli_corner_chamber

Skill      XL: |  1  2  3  4  5  6  7  8  9 10 11 |
---------------+----------------------------------+-----
Spellcasting   | 3 4 5 7 8 10 | 10.5
Conjurations   | 5 6 7 8 10 11 | 11.8
Translocations | 1 2 4 |  4.0
Hexes          | 1 2 3 |  3.0
Shields        | 2 4 5 |  5.2
Charms         | 2 3 |  3.4
Dodging        | 2 |  2.0
Fighting       | 1 |  1.0
Stealth        | |  1.7
Transmutations | |  0.9

Action                   |  1- 3 |  4- 6 |  7- 9 | 10-12 || total
-------------------------+-------+-------+-------+-------++-------
Melee: Unarmed           |    79 |    11 |       |       ||    90
       Tailslap          |    11 |    13 |     3 |    11 ||    38
       Quarterstaff      |       |   185 |   101 |       ||   286
       Trident           |       |       |    17 |    99 ||   116
Throw: Dart              |       |     2 |       |       ||     2
 Cast: Magic Dart        |    50 |    43 |    40 |    34 ||   167
       Searing Ray       |     2 |    12 |    50 |    49 ||   113
       Fulminant Prism   |       |       |       |    22 ||    22
  Use: Scroll            |       |     4 |     2 |     3 ||     9
       Potion            |       |     2 |       |     2 ||     4
 Stab: Sleeping          |     2 |     5 |     1 |       ||     8
  Eat: Chunk             |     1 |    10 |     9 |    10 ||    30
       Ration            |       |       |     2 |       ||     2
Armor: Skin              |    30 |   110 |    83 |    73 ||   296
Dodge: Dodged            |    64 |   156 |   116 |   197 ||   533
